 Dungeon Crawl Stone Soup version 0.31-a0-626-g8143ab4f1d (webtiles) character file.

Game seed: 16901097991338358100

151 rddays123 the Digger (level 5, 0/28 HPs)
             Began as a Gargoyle Earth Elementalist on Aug 24, 2023.
             Was an Initiate of Vehumet.
             Slain by a worm (4 damage)
             ... on level 3 of the Dungeon.
             The game lasted 00:13:32 (2301 turns).

rddays123 the Digger (Gargoyle Earth Elementalist)  Turns: 2301, Time: 00:13:33

Health: 0/28       AC:  7    Str: 12    XL:     5   Next: 33%
Magic:  9/9        EV: 12    Int: 17    God:    Vehumet [......]
Gold:   126        SH:  0    Dex: 10    Spells: 6/10 levels left

rFire   . . .        o - +1 dagger (vamp)
rCold   . . .        (no shield)
rNeg    + . .        a - +0 robe
rPois   ∞            (no helmet)
rElec   +            e - +0 cloak
rCorr   .            (no gloves)
SInv    .            (no boots)
Will    .....        (no amulet)
Stlth   ++           k - ring of wizardry
HPRegen 0.24/turn    (no ring)
MPRegen 0.11/turn

%: wizardry (x1)
@: no status effects
A: sickness immunity, AC +4, negative energy resistance 1, electricity
resistance, torment resistance 1, petrification resistance
a: Renounce Religion


You were on level 3 of the Dungeon.
You worshipped Vehumet.
Vehumet was noncommittal.
You visited 1 branch of the dungeon, and saw 4 of its levels.

You collected 126 gold pieces.

Inventory:

Hand Weapons
 o - a +1 vampiric dagger (weapon)
Armour
 a - a +0 robe (worn)
 e - a +0 cloak (worn)
 l - a +0 hat
Jewellery
 k - a ring of wizardry (left hand)
Wands
 n - a wand of roots (3)
Scrolls
 d - a scroll of amnesia {unknown}
 f - a scroll of poison {unknown}
 g - a scroll of revelation {unknown}
 h - a scroll of identify {unknown}
 i - a scroll of noise {unknown}
 j - a scroll of fog {unknown}
Potions
 b - a potion of magic
 c - 2 potions of attraction {unknown}
 m - a potion of invisibility {unknown}


   Skills:
 - Level 2.3 Dodging
 - Level 3.3 Stealth
 + Level 3.0 Spellcasting
 + Level 1.1 Conjurations
 - Level 1.0 Transmutations
 + Level 4.7 Earth Magic


You had 6 spell levels left.
You knew the following spells:

 Your Spells              Type           Power      Damage    Failure   Level
a - Sandblast             Erth           36%        2d10      1%          1
b - Stone Arrow           Conj/Erth      24%        3d8       6%          3

Your spell library contained the following spells:

 Spells                   Type           Power      Damage    Failure   Level
 Passwall                 Tmut/Erth      10%        N/A       3%          2
 Petrify                  Tmut/Erth      12%        N/A       21%         4


Dungeon Overview and Level Annotations

Branches:
Dungeon (4/15)
 Temple: D:4-7

Altars:
Kikubaaqudgha
Vehumet
Xom

Annotations:
D:4 Sigmund


Innate Abilities, Weirdness & Mutations

You are immune to sickness and miasma.
Your stone body is resilient. (AC +4)
You are immune to poison.
You resist negative energy. (rN+)
You are resistant to electric shocks. (rElec)
You are resistant to unholy torment.
You are immune to petrification.


Message History

There is a stone staircase leading up here.
You are confused.
The orc wizard points at you and mumbles some strange words.
The puff of flame hits you! The orc priest closely misses you.
In your confused state, you trip and fall back down the stairs.
The orc wizard points at you and mumbles some strange words.
The magic dart hits you but does no damage.
The orc priest casts a cantrip, but nothing happens.
The worm completely misses you.
Unknown command.
The orc priest hits you with a +0 hand axe.
The worm barely misses you.
You climb upwards.
Reactivating autopickup.
There is a stone staircase leading down here.
Items here: )) [[ †.
You're too confused to cast spells.
You miss the orc priest.
The orc priest hits you with a +0 hand axe.
You bump into the rock wall.
You feel less confused.
The orc priest mumbles some strange prayers to Beogh against you.
Beogh smites you!
* * * LOW HITPOINT WARNING * * *
The worm bites you.
* * * LOW HITPOINT WARNING * * *
You hit the orc priest.
The orc priest is moderately wounded.
The orc priest closely misses you.
You hit the orc priest.
The orc priest is heavily wounded.
The orc priest calls down the wrath of Beogh upon you.
You barely resist. The worm bites you but does no damage.
You hit the orc priest.
The orc priest is severely wounded.
The orc priest invokes the aid of Beogh against you.
Pain shoots through your body!
* * * LOW HITPOINT WARNING * * *
The worm bites you.
You die...

#........# #........#######
#..............#
####.#########.# #
#.#.......#.# # #.#..####≈#.#
# #....# #≈≈.#
#########....####≈..####
...............w@...#≈≈≈###
#########....###o##.# #≈≈≈##
#########..(........#####≈≈###
..........(...##..#.~≈.#..≈~.#
..............##...~≈.#~≈≈...#
............#.##..≈≈###≈#...##
...#........#.....#....≈..###
..............##..####...##
####..........##..#..#.###


You could see a worm and an orc priest.

Vanquished Creatures
  A jelly (D:4)
  3 adders
  An ufetubus (D:4)
  6 dart slugs
  7 orcs (D:3)
  7 ball pythons
  5 bats
  An endoplasm (D:2)
  3 giant cockroaches
  5 goblins
  4 hobgoblins
  5 jackals
  7 kobolds
  4 quokkas
  5 frilled lizards
  A rat (D:1)
65 creatures vanquished.

Notes
Turn   | Place    | Note
-------+----------+-------------------------------------------
     0 | D:1      | rddays123 the Gargoyle Earth Elementalist began the quest
                  | for the Orb.
     0 | D:1      | Reached XP level 1. HP: 10/10 MP: 3/3
   157 | D:1      | Reached skill level 1 in Transmutations
   157 | D:1      | Reached XP level 2. HP: 8/15 MP: 1/5
   599 | D:2      | Reached skill level 4 in Earth Magic
   599 | D:2      | Reached XP level 3. HP: 19/19 MP: 4/6
   600 | D:2      | Found an ancient bone altar of Kikubaaqudgha.
   894 | D:2      | Reached XP level 4. HP: 24/24 MP: 2/7
  1448 | D:3      | Found a radiant altar of Vehumet.
  1593 | D:3      | Found a shimmering altar of Xom.
  1844 | D:3      | Became a worshipper of Vehumet
  1908 | D:1      | Learned a level 3 spell: Stone Arrow
  1988 | D:4      | Reached XP level 5. HP: 28/28 MP: 6/9
  2020 | D:4      | Reached skill level 1 in Conjurations
  2056 | D:4      | Noticed Sigmund
  2301 | D:3      | Slain by a worm

Illustrated notes

Levels and vault maps discovered:
D:1:      onia_arrival_mini_maze, layout_rooms
D:2:      layout_rooms, basic_altar
D:3:      layout_basic, marbit_many_paths, vehumet_crystals,
          chequers_serial_rivers_small_b
D:4:      layout_rooms, minmay_crossroads, uniq_sigmund, uniq_crazy_yiuf_cottage

Skill      XL: |  1  2  3  4  5 |
---------------+----------------+-----
Transmutations | 1 |  1.0
Dodging        | 2 |  2.3
Earth Magic    | 4 |  4.7
Stealth        | 3 |  3.3
Conjurations   | 1 |  1.1
Spellcasting   | 3 |  3.0

Action                     |  1- 3 |  4- 6 || total
---------------------------+-------+-------++-------
  Melee: Unarmed           |     5 |     1 ||     6
         Dagger            |       |    14 ||    14
   Cast: Sandblast         |    44 |    42 ||    86
 Armour: Robe              |     1 |    28 ||    29
  Dodge: Dodged            |     3 |    37 ||    40

Table legend: (Time is in decaauts)
 A = Elapsed time spent in this place.
 B = Non-inter-level travel time spent in this place.
 C = Inter-level travel time spent in this place.
 D = Time resting spent in this place.
 E = Time spent auto-exploring this place.
 F = Levels seen in this place.
 G = Mean time per level.
                   A        B        C        D        E       F      G
               +--------+--------+--------+--------+--------+-----+--------+
         Total |   2349 |   2142 |    207 |    186 |   1433 |   4 |  587.2 |
       Dungeon |   2349 |   2142 |    207 |    186 |   1433 |   4 |  587.2 |
               +--------+--------+--------+--------+--------+-----+--------+

Top non-repeatable levels by time:
     D:3: 892 daAuts
     D:2: 712 daAuts
     D:1: 641 daAuts
     D:4: 102 daAuts
